 Dungeon Crawl Stone Soup version 0.17-a0-1850-g688e747 (webtiles) character file.

2703 wvc the Transmogrifier (level 9, -10/71 HPs)
             Began as a Red Draconian Transmuter on Sept 19, 2015.
             Was a Priest of Okawaru.
             Mangled by Erolcha
             ... wielding a +0 giant club
              (29 damage)
             ... on level 8 of the Dungeon.
             The game lasted 00:24:30 (8446 turns).

wvc the Transmogrifier (Red Draconian Transmuter)   Turns: 8446, Time: 00:24:30

Health: -10/71     AC:  2    Str: 15    XL:     9   Next: 38%
Magic:  24/26      EV: 23    Int: 16    God:    Okawaru [***...]
Gold:   373        SH:  0    Dex: 17    Spells: 5 memorised, 4 levels left

rFire  . . .     SeeInvis .       - Unarmed
rCold  . . .     Clarity  .     (armour unavailable)
rNeg   . . .     SustAt   .     (shield currently unavailable)
rPois  x         Gourm    .     (helmet currently unavailable)
rElec  .         Spirit   .     (cloak currently unavailable)
rCorr  .         Warding  .     (gloves currently unavailable)
rMut   .         Stasis   .     (boots currently unavailable)
MR     +....                    (no amulet)
Stlth  ++........               x - ring of magical power
                                t - ring of protection from magic

@: lethally poisoned (-10 -> -16), short of breath, spider-form, somewhat
resistant to hostile enchantments, unstealthy
A: (breathe fire), unfitting armour, (claws 0), (fire resistance 0), sense
surroundings 1, (poison resistance), strong 1, (cold-blooded), AC +7
a: End Transformation, Heroism, Renounce Religion


You were on level 8 of the Dungeon.
You worshipped Okawaru.
Okawaru was most pleased with you.
You were not hungry.
You were a venomous arachnid creature.
You visited 1 branch of the dungeon, and saw 8 of its levels.

You collected 373 gold pieces.

Inventory:

Missiles
 a - 159 arrows
 y - 3 throwing nets (quivered)
 z - 14 arrows of flame
Armour
 d - a +0 pair of gloves (melded)
 l - a +0 cloak (melded)
 n - a +1 pair of boots (melded)
 s - a +0 buckler
Jewellery
 i - an uncursed ring of protection from magic
 j - an uncursed ring of see invisible
 t - a ring of protection from magic (left front leg)
 w - an uncursed ring of positive energy
 x - a ring of magical power (right front leg)
 B - an uncursed ring of protection from cold
Magical devices
 q - a wand of teleportation (3)
 A - a wand of fireball (5)
 E - a wand of frost (16)
Scrolls
 m - a scroll of remove curse
 u - a scroll of fear
 v - a scroll of immolation
Potions
 e - 2 potions of agility
 f - 6 potions of curing
 g - a potion of haste
 h - 2 potions of poison {unknown}
 k - 2 potions of cancellation
 o - 3 potions of brilliance
 p - 3 potions of heal wounds
 C - a potion of lignification {unknown}
Books
 b - a book of Changes

   Spells                             Type                      Level
   a - Beastly Appendage              Transmutation                1
   b - Sticks to Snakes               Transmutation                2
   c - Spider Form                    Transmutation/Poison         3
   d - Ice Form                       Ice/Transmutation            4
   e - Blade Hands                    Transmutation                5
 D - a book of the Warp

   Spells                             Type                      Level
   a - Recall                         Summoning/Translocation      3
   b - Gell's Gravitas                Hexes/Translocation          3
   c - Force Lance                    Conjuration/Translocation    4
   d - Phase Shift                    Translocation                5
   e - Warp Weapon                    Charms/Translocation         5
   f - Summon Forest                  Summoning/Translocation      5
Comestibles
 c - 5 bread rations
 r - 2 meat rations
 F - 4 chunks of flesh


   Skills:
 + Level 4.2 Fighting
 + Level 5.1 Dodging
 - Level 5.0 Unarmed Combat
 + Level 5.7 Spellcasting
 * Level 8.2 Transmutations
 - Level 2.2 Poison Magic
 + Level 0.4 Invocations


You had 4 spell levels left.
You knew the following spells:

 Your Spells              Type           Power        Failure   Level  Hunger
a - Beastly Appendage     Trmt           ####..       3%          1    None
b - Sticks to Snakes      Trmt           ####......   4%          2    #......
c - Spider Form           Trmt/Pois      ###.......   17%         3    ##.....
d - Ice Form              Ice/Trmt       ###.....     50%         4    ####...
e - Blade Hands           Trmt           ####......   32%         5    ######.


Dungeon Overview and Level Annotations

Branches:
Dungeon (8/15)             Temple (0/1) D:7
   Lair: D:8-11

Altars:
Cheibriados
Dithmenos
Gozag
Okawaru
Qazlal
Ru
Sif Muna
Trog

Annotations:
D:8 Erolcha


Innate Abilities, Weirdness & Mutations

((You can breathe blasts of fire.))
((Your fiery red scales are hard (AC +7).))
Your body does not fit into most forms of armour.
((Your flesh is heat resistant.))
((You are cold-blooded and may be slowed by cold attacks.))
((You have sharp fingernails.))
You passively map a small area around you.
((Your system is resistant to poisons.))
Your muscles are strong. (Str +2)


Message History

The orc hits you with a club. Erolcha hits you with a giant club!!
A scorpion comes into view.
You bite Erolcha!
Erolcha is poisoned.
Erolcha is heavily wounded.
You hear a distant slurping noise.
The orc completely misses you.
You hit Erolcha.
Erolcha looks even sicker.
Erolcha is heavily wounded.
Erolcha casts a spell at you. The sting hits you!
You are poisoned.
* * * LOW HITPOINT WARNING * * *
You hit Erolcha.
Erolcha is heavily wounded.
You feel sick. The orc misses you. Erolcha completely misses you.
You hit Erolcha.
Erolcha is severely wounded.
You feel sick. The orc hits you but does no damage.
Erolcha hits you with a giant club!!
You die...

#######* #!#*
#.....#####.###
#.....)...<.[.+, , ,,
#......#.##..## **
##.##..####))##+###.#*
* #####.# #.<>.......+
### ######.###.#
*..######.##*+ * *
*.......s..# **,
#.....soO.#
'.........+, , ,
*#.####'#### * * # *
#. * * * , .. , , ,
...' , ...* , *


You could see Erolcha, a scorpion and an orc.

Vanquished Creatures
  Eustachio (D:5)
  A hungry ghost (D:7)
  Menkaure (D:5)
  Duvessa (D:4)
  2 orc warriors (D:7)
  2 phantoms
  4 ogres
  2 centaurs
  A necrophage (D:5)
  A giant frog (D:7)
  Blork the orc (D:5)
  2 big kobolds
  Dowan (D:4)
  2 crimson imps
  A centaur zombie (D:6)
  3 orc priests
  A jelly (D:5)
  Crazy Yiuf (D:2)
  An orc wizard (D:6)
  4 hounds
  Jessica (D:2)
  A giant frog skeleton (D:5)
  Terence (D:2)
  2 iguanas
  6 worker ants
  6 gnolls
  8 adders
  A shadow imp (D:6)
  2 oozes
  3 adder skeletons
  5 worms
  11 giant geckos
  23 orcs
  7 bats
  10 giant cockroaches
  8 goblins
  11 hobgoblins
  7 jackals
  5 quokkas
  6 giant newts
  23 kobolds
  A quokka skeleton (D:3)
  8 rats
189 creatures vanquished.

Vanquished Creatures (collateral kills)
  3 adders
  2 worms
5 creatures vanquished.

Vanquished Creatures (others)
  A plant (D:6)
1 creature vanquished.

Grand Total: 195 creatures vanquished

Notes
Turn   | Place    | Note
--------------------------------------------------------------
     0 | D:1      | wvc the Draconian Transmuter began the quest for the Orb.
     0 | D:1      | Reached XP level 1. HP: 16/16 MP: 3/3
   245 | D:1      | Reached XP level 2. HP: 14/23 MP: 5/5
   413 | D:1      | Learned a level 2 spell: Sticks to Snakes
   808 | D:1      | Reached XP level 3. HP: 28/28 MP: 5/7
  1055 | D:1      | Learned a level 3 spell: Spider Form
  2061 | D:2      | Found a deep blue altar of Sif Muna.
  2177 | D:2      | Reached XP level 4. HP: 35/35 MP: 3/8
  2222 | D:2      | Noticed Crazy Yiuf
  2245 | D:2      | Killed Crazy Yiuf
  2245 | D:2      | Reached skill level 1 in Poison Magic
  2390 | D:2      | Found a sacrificial altar of Ru.
  2436 | D:2      | Noticed Jessica
  2449 | D:2      | Killed Jessica
  2449 | D:2      | Reached XP level 5. HP: 35/40 MP: 7/10
  2459 | D:2      | Noticed Terence
  2471 | D:2      | Killed Terence
  2613 | D:2      | Reached skill level 4 in Transmutations
  2988 | D:3      | Learned a level 4 spell: Ice Form
  3014 | D:3      | Found a faded altar to an unknown god.
  3398 | D:3      | Found an iron altar of Okawaru.
  3685 | D:3      | Became a worshipper of Warmaster Okawaru
  3724 | D:4      | Noticed a phantom
  3757 | D:4      | Killed a phantom
  3757 | D:4      | Reached XP level 6. HP: 25/47 MP: 7/12
  4036 | D:4      | Reached skill level 5 in Transmutations
  4338 | D:4      | Noticed Dowan
  4340 | D:4      | Noticed Duvessa
  4353 | D:4      | Killed Dowan
  4358 | D:4      | Killed Duvessa
  4358 | D:4      | Acquired Okawaru's first power
  4358 | D:4      | Your scales start taking on a fiery red colour.
  4358 | D:4      | Gained mutation: Your flesh is heat resistant. [Red Draconian growth]
  4358 | D:4      | Reached XP level 7. HP: 27/52 MP: 8/13
  4911 | D:4      | Found a stormy altar of Qazlal.
  4913 | D:4      | Gained mutation: You have sharp fingernails. [potion of mutation]
  4913 | D:4      | Gained mutation: Your magical capacity is low (-10% MP). [potion of mutation]
  4913 | D:4      | Lost mutation: Your magical capacity is low (-10% MP). [potion of mutation]
  4914 | D:4      | Gained mutation: Your muscles are strong. (Str +2) [potion of mutation]
  4914 | D:4      | Gained mutation: You passively map a small area around you. [potion of mutation]
  4914 | D:4      | Gained mutation: Your system is resistant to poisons. [potion of mutation]
  4994 | D:4      | Reached skill level 6 in Transmutations
  5054 | D:5      | Entered Level 5 of the Dungeon
  5065 | D:5      | Noticed Eustachio
  5082 | D:5      | Killed Eustachio
  5143 | D:5      | Learned a level 5 spell: Blade Hands
  5517 | D:5      | Reached XP level 8. HP: 45/61 MP: 15/15
  5546 | D:5      | Reached skill level 5 in Spellcasting
  5616 | D:5      | Noticed Blork the orc
  5630 | D:5      | Killed Blork the orc
  6172 | D:5      | Noticed Menkaure
  6183 | D:5      | Killed Menkaure
  6183 | D:5      | Reached skill level 7 in Transmutations
  6937 | D:6      | Found an opulent altar of Gozag.
  6939 | D:6      | Found a bloodstained altar of Trog.
  6941 | D:6      | Found a shadowy altar of Dithmenos.
  7068 | D:6      | Found a snail-covered altar of Cheibriados.
  7686 | D:7      | Reached XP level 9. HP: 51/70 MP: 16/16
  8040 | D:7      | Reached skill level 5 in Unarmed Combat
  8200 | D:7      | Reached skill level 5 in Dodging
  8200 | D:7      | Reached skill level 8 in Transmutations
  8331 | D:7      | Found a staircase to the Ecumenical Temple.
  8437 | D:8      | Noticed Erolcha
  8446 | D:8      | Mangled by Erolcha

Vault maps used:
D:1:      dpeg_cavernosity, st_stairs_9
D:2:      nicolae_ru_the_path_less_chosen, overflow_temple_1_default,
          first_bread, uniq_crazy_yiuf_cottage, uniq_terence, uniq_jessica
D:3:      okawaru_metal_pillars_1_2, ecumenical_altar_1
D:4:      nicolae_qazlal_eye_of_the_storm, minmay_misc_feat_plants,
          item_on_display_a, uniq_duvessa
D:5:      nicolae_overflow_hidden_temple, gup_sewer_entry_bowl, uniq_eustachio,
          uniq_blork_the_orc, uniq_menkaure
D:6:      lemuel_coloured_pillars_altar, grunt_temple_overflow_diamond,
          roderic_lattice_a, lexackson_kobold_supper
D:7:      minmay_temple_entry_hall
D:8:      old_standard_altar, uniq_erolcha

Action                   |  1- 3 |  4- 6 |  7- 9 || total
-------------------------+-------+-------+-------++-------
Melee: Unarmed           |   141 |   232 |   371 ||   744
 Cast: Beastly Appendage |    21 |    21 |    18 ||    60
       Spider Form       |     3 |    10 |    17 ||    30
       Sticks to Snakes  |     3 |     9 |     1 ||    13
       Blade Hands       |       |       |     3 ||     3
Invok: Heroism           |       |       |     1 ||     1
 Abil: Breathe Fire      |       |       |    10 ||    10
       End Transformatio |       |       |     1 ||     1
  Use: Scroll            |     4 |     6 |     8 ||    18
       Potion            |       |       |     2 ||     2
 Stab: Sleeping          |     1 |     2 |     1 ||     4
  Eat: Chunk             |     1 |     8 |     7 ||    16
       Meat ration       |     1 |       |     3 ||     4
       Pizza             |       |       |     1 ||     1
       Beef jerky        |       |       |     1 ||     1
